 Dungeon Sprint DCSS version 0.19-a0-1568-gdd01aac (webtiles) character file.

434 Tesnorth the Basher (level 6, 0/63 HPs)
             Began as a Minotaur Berserker on Sept 15, 2016.
             Was a Believer of Trog.
             Slain by Sonja
             ... wielding a +0 dagger of distortion
              (6 damage)
             ... in the Dungeon (Sprint I: "Red Sonja").
             The game lasted 00:03:15 (761 turns).

Tesnorth the Basher (Minotaur Berserker)             Turns: 761, Time: 00:03:15

Health: 0/63       AC:  2    Str: 21    XL:     6   Next: 68%
Magic:  5/5        EV: 16    Int:  4    God:    Trog [**....]
Gold:   297        SH:  0    Dex: 12    Spells: 0 memorised, 5 levels left

rFire  . . .     SeeInvis .     a - +0 mace
rCold  . . .     Gourm    .     b - +0 animal skin
rNeg   . . .     Faith    .     (no shield)
rPois  .         Spirit   .     (helmet restricted)
rElec  .         Dismiss  .     (no cloak)
rCorr  .         Reflect  .     (no gloves)
MR     .....     Harm     .     (no boots)
Stlth  +......... NoTele   +    (no amulet)
                                (no ring)
                                (no ring)

@: very slightly contaminated, hasted, very quick
A: retaliatory headbutt, horns 2
a: Berserk, Trog's Hand, Burn Spellbooks, Renounce Religion


You were in the Dungeon.
You worshipped Trog.
Trog was pleased with you.
You were hungry.

You visited 1 branch You collected 297 gold pieces.

Inventory:

Hand Weapons
 a - a +0 mace (weapon)
 i - a +2 club
Armour
 b - a +0 animal skin (worn)
Scrolls
 B - a scroll of blinking {!r}
Potions
 d - a potion of curing
 g - 2 potions of magic
 h - a potion of berserk rage
 k - a potion of flight {unknown}
Books
 l - a book of Conjurations

   Spells                             Type                      Level
   a - Magic Dart                     Conjuration                  1
   b - Searing Ray                    Conjuration                  2
   c - Dazzling Spray                 Conjuration/Hexes            3
   d - Fulminant Prism                Conjuration/Hexes            4
   e - Iskenderun's Mystic Blast      Conjuration                  4
   f - Iskenderun's Battlesphere      Conjuration/Charms           5
   Trog disapproves of the use of such an item.
Comestibles
 c - a bread ration


   Skills:
 + Level 9.0 Fighting
 * Level 10.6 Maces & Flails
 + Level 8.4 Armour
 + Level 7.6 Dodging


You had 5 spell levels left.
You didn't know any spells.

Dungeon Overview and Level Annotations

Branches:
Dungeon (1/1)

Altars:
Cheibriados
Dithmenos
Elyvilon
Fedhas
Gozag
Hepliaklqana
Kikubaaqudgha
Nemelex Xobeh
Okawaru
Qazlal
Ru
Sif Muna
Trog
Uskayaw
Vehumet
Yredelemnul
Zin
The Shining One

Shops:
D ?

Annotations:
D Sonja


Innate Abilities, Weirdness & Mutations

You reflexively headbutt those who attack you in melee.
You have a pair of horns on your head.


Message History

Sonja hits you but does no damage. Space warps horribly around you!
* * * LOW HITPOINT WARNING * * *
There is an open door, spattered with blood here.
You feel much better. Sonja completely misses you. You furiously retaliate!
You headbutt Sonja! Sonja hits you but does no damage.
Space warps horribly around you!
* * * LOW HITPOINT WARNING * * *
Sonja closely misses you.
Okay, then.
You closely miss Sonja. Your headbutt misses Sonja.
Sonja is moderately wounded.
Sonja barely misses you. You furiously retaliate!
You headbutt Sonja. Sonja completely misses you. Sonja closely misses you.
You sock Sonja! Your headbutt misses Sonja.
Sonja is almost dead.
Sonja plants her feet in a plie.
Sonja hits you but does no damage. Space bends around you.
You die...

#<.#..)..#..'..#
#..'..#..').#..+
#..#####'#####'#
#..####..#...#)#
#..#__####.(##.#
#..#_____##'#..+
#⌠⌠#_.∩...'..._#
####_..__##K.#+#
#_____###@#
####### #.#


+$($+ #$.$# ##.## #+# You could see Sonja.

Vanquished Creatures
  Sigmund (D)
  A yak (D)
  An ogre (D)
  A jelly (D)
  Ijyb (D)
5 creatures vanquished.

Vanquished Creatures (others)
  A gargoyle (D)
1 creature vanquished.

Grand Total: 6 creatures vanquished

Notes
Turn   | Place    | Note
-------+----------+-------------------------------------------
     0 | D        | Tesnorth the Minotaur Berserker began the quest for the Orb.
     0 | D        | Reached XP level 1. HP: 19/19 MP: 0/0
    64 | D        | Noticed Ijyb
    78 | D        | Killed Ijyb
    78 | D        | Reached skill level 5 in Fighting
    78 | D        | Reached skill level 4 in Maces & Flails
    78 | D        | Reached XP level 2. HP: 6/29 MP: 1/1
   327 | D        | Noticed an ogre
   331 | D        | Killed an ogre
   331 | D        | Reached skill level 6 in Maces & Flails
   331 | D        | Reached skill level 5 in Armour
   331 | D        | Reached skill level 5 in Dodging
   331 | D        | Reached XP level 3. HP: 21/38 MP: 2/2
   331 | D        | Reached XP level 4. HP: 24/45 MP: 3/3
   367 | D        | Killed a gargoyle
   510 | D        | Noticed Sigmund
   515 | D        | Killed Sigmund
   515 | D        | Reached ** piety under Trog
   515 | D        | Reached skill level 9 in Maces & Flails
   515 | D        | Reached XP level 5. HP: 53/53 MP: 4/4
   569 | D        | Found a deep blue altar of Sif Muna.
   571 | D        | Found a radiant altar of Vehumet.
   575 | D        | Reached XP level 6. HP: 55/61 MP: 5/5
   594 | D        | Found Zoiwn's Magic Scroll Emporium.
   594 | D        | Found an ancient bone altar of Kikubaaqudgha.
   594 | D        | Found a hazy altar of Hepliaklqana.
   594 | D        | Found a stormy altar of Qazlal.
   594 | D        | Found a hide-covered altar of Uskayaw.
   594 | D        | Found a blossoming altar of Fedhas.
   594 | D        | Found a bloodstained altar of Trog.
   594 | D        | Found an iron altar of Okawaru.
   594 | D        | Found a basalt altar of Yredelemnul.
   594 | D        | Found a glowing golden altar of the Shining One.
   594 | D        | Found a snail-covered altar of Cheibriados.
   594 | D        | Found a sacrificial altar of Ru.
   594 | D        | Found a glowing silver altar of Zin.
   594 | D        | Found a shadowy altar of Dithmenos.
   594 | D        | Found a white marble altar of Elyvilon.
   594 | D        | Noticed a yak
   595 | D        | Found an opulent altar of Gozag.
   598 | D        | Killed a yak
   598 | D        | Reached skill level 10 in Maces & Flails
   599 | D        | Found a sparkling altar of Nemelex Xobeh.
   737 | D        | Noticed Sonja
   758 | D        | HP: 1/63 [Sonja/uncursed dagger of distortion (25)]
   761 | D        | Slain by Sonja

Vault maps used:
D:        dungeon_sprint_1

Skill      XL: |  1  2  3  4  5  6 |
---------------+-------------------+-----
Fighting       | 5 6 8 9 |  9.0
Maces & Flails | 4 6 9 10 | 10.6
Armour         | 4 5 7 8 |  8.4
Dodging        | 3 5 6 7 |  7.6

Action                   |  1- 3 |  4- 6 || total
-------------------------+-------+-------++-------
Melee: Mace              |    15 |    14 ||    29
       Headbutt          |     1 |     4 ||     5
Invok: Berserk           |     2 |     1 ||     3
  Use: Potion            |       |     2 ||     2
  Eat: Chunk             |       |     2 ||     2
Armor: Animal skin       |       |     5 ||     5
Dodge: Dodged            |     3 |    13 ||    16

Vault maps used:
D:        dungeon_sprint_1
